 Dungeon Crawl Stone Soup version 0.29.1-13-g9f3cf754e1 (webtiles) character file.

Game seed: 5638834892323577745

774 Heoruswealwe the Merchant of Misery (level 7, -2/32 (37) HPs)
             Began as a Deep Elf Necromancer on Feb 2, 2023.
             Was a Believer of Kikubaaqudgha.
             Splashed by a jelly's acid (10 damage)
             ... on level 5 of the Dungeon.
             The game lasted 01:00:43 (4158 turns).

Heoruswealwe the Merchant of Misery (DENe)          Turns: 4158, Time: 01:00:43

HP:   -2/32 (37)    AC:  2    Str:  5    XL:     7   Next: 53%
MP:   20/20         EV: 14    Int: 28    God:    Kikubaaqudgha [**....]
Gold: 67            SH:  0    Dex: 21    Spells: 11/21 levels left

rFire   . . .      SeeInvis .   l - staff of air
rCold   . . .      Faith    .   (no shield)
rNeg    . . .      Spirit   .   a - +0 robe
rPois   .          Reflect  .   (no helmet)
rElec   +          Harm     .   (no cloak)
rCorr   .          Rampage  .   (no gloves)
Will    .....                   (no boots)
Stlth   +++.......              (no amulet)
HPRegen 0.10/turn               k - +6 ring of intelligence
MPRegen 0.17/turn               L - +6 ring of dexterity

@: heavily drained
A: no striking features
a: Renounce Religion, Unearth Wretches


You were on level 5 of the Dungeon.
You worshipped Kikubaaqudgha.
Kikubaaqudgha was pleased with you.
You visited 1 branch of the dungeon, and saw 6 of its levels.
You also visited: Ossuary.

You collected 219 gold pieces.
You spent 152 gold pieces at shops.

Inventory:

Hand Weapons
 j - a +0 whip
 x - a +0 mace
 y - a +0 whip
 D - a +0 mace
 I - a +0 morningstar
 X - a +0 flail
 Z - a +0 giant spiked club
Missiles
 q - 32 stones
 R - 9 poisoned darts
Armour
 a - a +0 robe (worn)
 h - a +0 helmet
 B - a +0 scale mail
 K - a +0 helmet
 U - a +1 pair of gloves
Magical Staves
 l - a staff of air (weapon)
Jewellery
 i - a +6 ring of intelligence
 k - a +6 ring of intelligence (left hand)
 n - a ring of fire
 L - a +6 ring of dexterity (right hand)
Wands
 e - a wand of quicksilver (14)
 f - a wand of mindburst (14)
Scrolls
 d - 4 scrolls of teleportation
 O - a scroll of enchant armour
 V - a scroll of silence
 W - a scroll of enchant weapon
Potions
 b - 2 potions of berserk rage
 c - a potion of lignification
 g - a potion of might
 m - 2 potions of cancellation {unknown}
 z - a potion of curing
 T - a potion of ambrosia {unknown}


   Skills:
 + Level 0.5 Fighting
 + Level 0.3 Staves
 + Level 3.6 Dodging
 + Level 3.0 Stealth
 + Level 7.7 Spellcasting
 + Level 8.3 Necromancy


You had 11 spell levels left.
You knew the following spells:

 Your Spells              Type           Power      Damage    Failure   Level
a - Necrotise             Necr           100%       1d9       1%          1
b - Animate Dead          Necr           55%        N/A       1%          4
c - Sublimation of Blood  Necr           55%        N/A       1%          2
d - Vampiric Draining     Necr           55%        2d9       1%          3

Your spell library contained the following spells:

 Spells                   Type           Power      Damage    Failure   Level
 Agony                    Necr           55%        N/A       4%          5
 Anguish                  Hex/Necr       17%        N/A       9%          4
 Gell's Gravitas          Tloc           10%        N/A       16%         3
 Lesser Beckoning         Tloc           10%        N/A       16%         3
 Teleport Other           Tloc           10%        N/A       16%         3
 Freezing Cloud           Conj/Ice/Air   8%         6-21      80%         5
 Simulacrum               Ice/Necr       17%        N/A       80%         6
 Polar Vortex             Ice            5%         N/A       100%        9


Dungeon Overview and Level Annotations

Branches:
Dungeon (6/15)            Ossuary (visited)
 Temple: D:4-7

Altars:
Kikubaaqudgha
Nemelex Xobeh
The Shining One

Shops:
D:3 *   D:5 *


Message History

Your ball python skeleton completely misses the dart slug.
Your ball python skeleton grabs the dart slug.
Your ball python skeleton constricts the dart slug.
Your ball python skeleton bites the dart slug.
Your ball python skeleton constricts the dart slug.
The dart slug closely misses you.
Your ball python skeleton bites the dart slug.
Your ball python skeleton constricts the dart slug.
The dart slug bites you.
Your ball python skeleton bites the dart slug.
Your ball python skeleton constricts the dart slug.
Your ball python skeleton bites the dart slug.
The dart slug dies!
Kikubaaqudgha accepts your kill.
m - 2 puce potions You swap places.
Your ball python skeleton crumbles into dust!
An orc comes into view. It is wielding a +0 hand axe.
Found a stone staircase leading down.
The orc shouts!
The orc misses you. The orc hits you with a +0 hand axe.
The orc hits you with a +0 hand axe. The orc hits you with a +0 hand axe.
The orc barely misses you. The orc barely misses you.
The orc hits you with a +0 hand axe. The orc hits you with a +0 hand axe.
The orc hits you with a +0 hand axe.
* * * LOW HITPOINT WARNING * * *
There is a stone staircase leading down here.
The orc barely misses you.
You climb downwards.
The jelly quivers.
There is a stone staircase leading up here.
The jelly hits you.
* * * LOW HITPOINT WARNING * * *
You are splashed with acid!
You die...
Kikubaaqudgha rasps: "You have failed me!
Welcome... death!"

#........#.......# ...
#........'.......# ..
##..##...#.......#
#..##...##.....##
#........##.....#
#........>......#
#####+###..........#
#..##..##..........#
.##.......@...##.....#
..........J...##.....#
.........o.....#.....#
##..##<.......#.....#
#+ #.......##.....#
........# ...........
.............
..###+##......


You could see a jelly and an orc.

Vanquished Creatures
  2 ice beasts (D:6)
  A black bear (D:3)
  A necrophage (D:5)
  2 jellies (D:5)
  A hound (D:5)
  3 iguanas (D:5)
  An orc wizard (D:3)
  8 adders
  3 worms
  2 dart slugs
  2 orcs (D:3)
  5 ball pythons
  4 bats
  4 endoplasms
  4 giant cockroaches
  9 goblins
  4 hobgoblins
  2 jackals (D:1)
  8 kobolds
  2 quokkas (D:2)
  7 frilled lizards
  7 rats
82 creatures vanquished.

Vanquished Creatures (collateral kills)
  An ogre (D:5)
  An ufetubus (D:5)
  A dart slug (D:4)
  An orc (D:5)
  An endoplasm (D:2)
  A jackal (D:1)
  A rat (D:1)
7 creatures vanquished.

Vanquished Creatures (others)
  5 fungi (D:1)
  3 plants (D:1)
8 creatures vanquished.

Grand Total: 97 creatures vanquished

Notes
Turn   | Place    | Note
-------+----------+-------------------------------------------
     0 | D:1      | Heoruswealwe the Deep Elf Necromancer began the quest for
                  | the Orb.
     0 | D:1      | Reached XP level 1. HP: 10/10 MP: 6/6
    25 | D:1      | Reached skill level 5 in Necromancy
    49 | D:1      | Reached XP level 2. HP: 15/15 MP: 0/8
   441 | D:2      | Found a glowing golden altar of the Shining One.
   558 | D:1      | Reached XP level 3. HP: 19/19 MP: 5/9
   702 | D:1      | Found a faded altar of an unknown god.
   730 | D:1      | Prayed at the altar of an unknown god.
   730 | D:1      | Became a worshipper of Kikubaaqudgha
   730 | D:1      | Reached * piety under Kikubaaqudgha
   730 | D:1      | Received a gift from Kikubaaqudgha
  1221 | D:3      | Reached skill level 6 in Necromancy
  1221 | D:3      | Reached XP level 4. HP: 19/24 MP: 8/12
  2023 | D:2      | Learned a level 4 spell: Animate Dead
  2026 | D:2      | Learned a level 2 spell: Sublimation of Blood
  2030 | D:2      | Learned a level 3 spell: Vampiric Draining
  2074 | D:3      | Reached ** piety under Kikubaaqudgha
  2424 | D:3      | Found Wept's Assorted Antiques.
  2433 | D:3      | Reached XP level 5. HP: 28/28 MP: 11/14
  2445 | D:3      | Bought a scroll of identify for 48 gold pieces
  2445 | D:3      | Bought a scroll labelled EFEZUE FUSU for 24 gold pieces
  2445 | D:3      | Bought a scroll labelled BYTASTR ROURIUL for 24 gold pieces
  2631 | D:3      | Noticed a black bear
  2647 | D:3      | Killed a black bear
  2648 | D:3      | Reached skill level 5 in Spellcasting
  3507 | D:4      | Found a sparkling altar of Nemelex Xobeh.
  3533 | D:4      | Reached skill level 7 in Necromancy
  3584 | D:5      | Entered Level 5 of the Dungeon
  3598 | D:5      | Reached XP level 6. HP: 24/32 MP: 6/16
  3645 | D:5      | Found a sand-covered staircase.
  3711 | D:6      | Noticed an ice beast
  3712 | D:6      | Noticed an ice beast
  3719 | D:6      | Killed an ice beast
  3732 | D:6      | Killed an ice beast
  3733 | D:6      | Reached XP level 7. HP: 14/37 MP: 10/19
  3744 | D:6      | Reached skill level 8 in Necromancy
  3813 | Ossuary  | Entered an ossuary
  3878 | D:5      | Found Xiajy's General Store.
  4038 | D:5      | Bought a scroll of identify for 28 gold pieces
  4038 | D:5      | Bought a scroll of identify for 28 gold pieces
  4158 | D:5      | Splashed by a jelly's acid

Illustrated notes

Levels and vault maps discovered:
D:1:      minmay_arrival_floating_metal, layout_rooms,
          shapermc_ecumenical_altar_petra
D:2:      layout_loops_ring, basic_altar, serial_glass, glass_columns_a,
          glass_columns_b
D:3:      layout_basic, serial_shops, nicolae_diamond_shop, minivault_27,
          dk_noncrumbling_3, grunt_ministairs_14
D:4:      layout_loops_ring, mainiacjoe_overflow_tiny_flanked, temple_doors_cd,
          due_unseen_surprise
D:5:      minmay_evil_eye, layout_gridville, kennysheep_ying_yang,
          mainiacjoe_overflow_six_doors_small, nicolae_ru_path_of_blood,
          general_overflow_altar, serial_shops, nicolae_square_shop,
          enter_ossuary_1
D:6:      layout_basic

Skill      XL: |  1  2  3  4  5  6  7 |
---------------+----------------------+-----
Necromancy     | 5 6 7 8 |  8.3
Spellcasting   | 4 5 7 |  7.7
Stealth        | 3 |  3.0
Dodging        | 3 |  3.6
Fighting       | |  0.5
Staves         | |  0.3

Action                   |  1- 3 |  4- 6 |  7- 9 || total
-------------------------+-------+-------+-------++-------
Melee: Staff             |    31 |     1 |    36 ||    68
 Cast: Necrotise         |    59 |    97 |    20 ||   176
  Use: Scroll            |     3 |     6 |     2 ||    11
       Potion            |     3 |     3 |     1 ||     7
Armor: Robe              |     1 |     7 |     3 ||    11
Dodge: Dodged            |     5 |    26 |    33 ||    64
